 Dungeon Crawl Stone Soup version 0.30.0-20-g3615ddf2f0 (webtiles) character file.

Game seed: 18092968098224785239

15150 qw the Cleaver (level 12, -4/76 HPs)
             Began as a Gargoyle Fighter on May 28, 2023.
             Was an Elder of Okawaru.
             Shot with an arrow by Nessos (5 damage)
             ... on level 3 of the Lair of Beasts.
             The game lasted 00:04:50 (10719 turns).

qw the Cleaver (Gargoyle Fighter)                  Turns: 10719, Time: 00:04:50

Health: -4/76      AC: 33    Str: 25    XL:     12   Next: 24%
Magic:  18/19      EV: 10    Int: 12    God:    Okawaru [****..]
Gold:   508        SH:  7    Dex: 15    Spells: 11/11 levels left

rFire   + . .        Y - +2 broad axe (flame)
rCold   . . .        c - +0 buckler
rNeg    + . .        k - +0 plate armour
rPois   inf          n - +2 helmet {Int+3}
rElec   +            s - +1 cloak
rCorr   .            g - +1 pair of gloves
SInv    .            (no boots)
Will    .....        (no amulet) Stlth
                     e - +6 ring of dexterity
HPRegen 0.32/turn    p - ring of protection from fire
MPRegen 0.16/turn

%: no passive effects
@: heroic
A: sickness immunity, AC +8, negative energy resistance 1, electricity
resistance, torment resistance 1, petrification resistance
a: Renounce Religion, Heroism, Finesse


You were on level 3 of the Lair of Beasts.
You worshipped Okawaru.
Okawaru was greatly pleased with you.
You visited 3 branches of the dungeon, and saw 12 of its levels.

You collected 763 gold pieces.
You spent 255 gold pieces at shops.


Innate Abilities, Weirdness & Mutations

You are immune to sickness and miasma.
Your stone body is resilient. (AC +8)
You are immune to poison.
You resist negative energy. (rN+)
You are resistant to electric shocks. (rElec)
You are resistant to unholy torment.
You are immune to petrification.


   Skills:
 - Level 9.0(14.0) Fighting
 + Level 11.5(16.5) Axes
 - Level 4.1(9.1) Throwing
 - Level 8.0(13.0) Armour
 - Level 2.5(7.5) Dodging
 - Level 5.1(10.1) Shields
 - Level 10.2 Invocations


You had 11 spell levels left.
You didn't know any spells.
Your spell library was empty.

Inventory:

Hand Weapons
 Y - a +2 broad axe of flaming (weapon)
Missiles
 b - 9 boomerangs
 j - 3 javelins (quivered)
Armour
 c - a +0 buckler (worn)
 g - a +1 pair of gloves (worn)
 k - a +0 plate armour (worn)
 n - a +2 helmet of intelligence (worn)
 s - a +1 cloak (worn)
 u - +0 acid dragon scales
Jewellery
 e - a +6 ring of dexterity (left hand)
 p - a ring of protection from fire (right hand)
 v - a ring of resist corrosion
Scrolls
 f - 9 scrolls of identify
 h - a scroll of silence {unknown}
 q - 2 scrolls of teleportation
Potions
 a - a potion of resistance
 d - 2 potions of might
 i - 2 potions of lignification {unknown}
 l - a potion of haste
 o - 6 potions of curing
 r - a potion of attraction

Dungeon Overview and Level Annotations

Branches:
Dungeon (8/15)             Temple (1/1) D:4            Lair (3/5) D:8
  Swamp (0/4) Lair:2        Snake (0/4) Lair:2

Altars:
Ashenzari
Cheibriados
Dithmenos
Elyvilon
Fedhas
Gozag
Hepliaklqana
Kikubaaqudgha
Makhleb
Nemelex Xobeh
Okawaru
Qazlal
Ru
Sif Muna
Trog
Vehumet
Wu Jian
Xom
Yredelemnul
The Shining One

Shops:
D:2 ?   D:4 [

Annotations:
D:6 2 transporters
Lair:3 Nessos


Message History

It stops flaming.
You block Nessos's attack. Nessos kicks you but does no damage.
A bullfrog comes into view.
Nessos barely misses you. Nessos kicks you but does no damage.
You hit Nessos but do no damage.
Nessos is heavily wounded.
You block Nessos's attack. Nessos kicks you.
Nessos hits you but does no damage. Nessos kicks you but does no damage.
You slash Nessos! You burn Nessos.
Nessos is severely wounded.
Nessos casts a spell.
Nessos blinks!
Nessos wields a +1 longbow of flaming.
It bursts into flame!
Nessos shoots an arrow.
The arrow hits you! The arrow burns you.
10711 ||| INVOKING Heroism.
You gain the combat prowess of a mighty hero.
Nessos shoots an arrow.
The arrow closely misses you.
Nessos shoots an arrow.
The arrow hits you.
Nessos shoots an arrow.
The arrow barely misses you.
You throw a javelin. The javelin barely misses the bullfrog.
Nessos shoots an arrow.
The arrow hits you. The arrow burns you.
You slice the bullfrog!! You burn the bullfrog.
You kill the bullfrog!
Okawaru accepts your kill.
Nessos shoots an arrow.
You block the arrow.
Nessos shoots an arrow.
You block the arrow.
Nessos casts a spell.
Nessos blinks!
Nessos shoots an arrow.
The arrow hits you! The arrow burns you.
Nessos shoots an arrow.
The arrow hits you but does no damage.
Nessos shoots an arrow.
You block the arrow.
Nessos shoots an arrow.
The arrow hits you.
10716 ||| Stepping ~*~*~tactically~*~*~ (hiding).
Nessos shoots an arrow.
The arrow completely misses you.
Nessos unwields a +1 longbow of flaming.
It stops flaming.
Nessos hits you but does no damage. You block Nessos's attack.
Nessos gestures wildly while chanting.
Nessos blinks!
Nessos gestures wildly while chanting.
Nessos blinks!
Nessos wields a +1 longbow of flaming.
It bursts into flame!
Nessos shoots an arrow.
You block the arrow.
Nessos shoots an arrow.
The arrow hits you!! The arrow burns you.
You die...

####..### .....# ##.##
.........##..#...# #..##
.............#...####..#
......................##
.....¤.##.#..#.##.##.###
..#..#.##.#...#.###..###
##............................
..................###...####.
##.....c.....@.....>......# ##
#.....[......¤.....###...##
#...........#..##.# ###..# #
##........#...##..## #...####
P#.##.#........#..###..#
##.P#..#
...............#..#....#
#......
......<..#.............#
####.##
.##..#..##.........P#### ####
.##..#..####.#.#P...# #


You could see Nessos (fast).

Vanquished Creatures
  Gastronok (Lair:3)
  Erica (D:8)
  A catoblepas (Lair:3)
  A death yak (D:8)
  A bog body (Lair:2)
  Pikel (D:8)
  2 black mambas
  Joseph (D:8)
  Maurice (D:8)
  3 cane toads
  Maggie (D:8)
  2 komodo dragons
  8 blink frogs (Lair:3)
  5 dream sheep (Lair:2)
  3 yaks (Lair:1)
  A wyvern (D:8)
  3 fire bats (Lair:2)
  5 basilisks
  3 nagas (Lair:2)
  3 swamp worms (Lair:2)
  13 water moccasins
  An orc warrior (D:8)
  A black bear (D:6)
  2 ice beasts
  A sky beast (D:6)
  A centaur (D:8)
  2 ogres
  A lemure (D:8)
  5 bullfrogs
  A scorpion (D:5)
  9 wights
  4 killer bees (D:8)
  4 howler monkeys
  An electric eel (Lair:2)
  4 hounds
  A jelly (D:6)
  An orc priest (D:8)
  A gnoll bouda (D:4)
  A sleepcap (D:6)
  An iguana (D:4)
  4 orc wizards
  8 adders
  11 gnolls
  2 dart slugs
  12 orcs
  2 bats
  7 endoplasms
  2 giant cockroaches
  11 goblins
  4 hobgoblins
  3 quokkas
  7 ball pythons
  2 frilled lizards
  5 kobolds
  6 rats
188 creatures vanquished.

Notes
Turn   | Place    | Note
-------+----------+-------------------------------------------
     0 | D:1      | qw the Gargoyle Fighter began the quest for the Orb.
     0 | D:1      | Reached XP level 1. HP: 14/14 MP: 1/1
     0 | D:1      | 0 ||| qw: Version: 0.2-a-100-g7972860
     0 | D:1      | 0 ||| qw: Game counter: 233
     0 | D:1      | 0 ||| qw: Always use a shield: true
     0 | D:1      | 0 ||| qw: God list: Okawaru
     0 | D:1      | 0 ||| qw: Allow faded altars: false
     0 | D:1      | 0 ||| qw: Do Orc after D:15 true
     0 | D:1      | 0 ||| qw: Do second Lair branch before Depths: true
     0 | D:1      | 0 ||| qw: Lair rune preference: random
     0 | D:1      | 0 ||| qw: Plans: Normal, Zot:1-4, God:TSO, Crypt, Tomb,
                  | Pan, Slime:5, Hells, Abyss, Win
     0 | D:1      | 0 ||| PLANNING D:1-11
    68 | D:1      | Reached skill level 2 in Axes
   185 | D:1      | Reached XP level 2. HP: 19/19 MP: 2/2
   829 | D:1      | 829 ||| READING scroll labelled VUEMAH VEAKLUI.
   830 | D:1      | 830 ||| READING scroll labelled ORERPH GUICASE.
   831 | D:1      | 831 ||| READING scroll labelled DEJINO ETHRACLU.
   832 | D:1      | 832 ||| READING scroll labelled ZUNYTU ERANIR.
   833 | D:1      | 833 ||| READING scroll labelled ZUMOMA XIUWAOM.
   859 | D:2      | Reached skill level 3 in Axes
   859 | D:2      | Reached XP level 3. HP: 23/23 MP: 3/3
  1041 | D:2      | Found Epnuep's Magic Scroll Boutique.
  1044 | D:2      | 1044 ||| BUYING 2 scrolls of identify (48 gold).
  1044 | D:2      | Bought 2 scrolls of identify for 48 gold pieces
  1044 | D:2      | 1044 ||| BUYING scroll of identify (24 gold).
  1044 | D:2      | Bought a scroll of identify for 24 gold pieces
  1044 | D:2      | 1044 ||| BUYING scroll of identify (24 gold).
  1044 | D:2      | Bought a scroll of identify for 24 gold pieces
  1044 | D:2      | 1044 ||| BUYING scroll of identify (24 gold).
  1044 | D:2      | Bought a scroll of identify for 24 gold pieces
  1044 | D:2      | 1044 ||| SHOPLISTING scroll of teleportation (36 gold, have
                  | 8).
  1266 | D:2      | 1266 ||| Stepping ~*~*~tactically~*~*~ (stealth).
  1283 | D:2      | Reached XP level 4. HP: 27/28 MP: 4/4
  1437 | D:2      | 1437 ||| UPGRADING to +0 pair of gloves.
  1442 | D:2      | 1442 ||| UPGRADING to +0 plate armour.
  1452 | D:2      | 1452 ||| DROPPING +0 scale mail.
  1453 | D:2      | 1453 ||| READING scroll labelled VADIKY BEEVO.
  1454 | D:2      | 1454 ||| READING scroll labelled EMUASA RIDGH.
  1455 | D:2      | 1455 ||| READING scroll labelled SEBRA WEIN.
  1474 | D:2      | 1474 ||| READING scroll labelled OSASIZ SEAFIU.
  1475 | D:2      | 1475 ||| READING 8 scrolls of identify.
  1475 | D:2      | 1475 ||| IDENTIFYING murky brown potion
  1476 | D:2      | 1476 ||| READING 7 scrolls of identify.
  1476 | D:2      | 1476 ||| IDENTIFYING orange potion
  1477 | D:2      | 1477 ||| READING 6 scrolls of identify.
  1477 | D:2      | 1477 ||| IDENTIFYING fuming yellow potion
  1478 | D:2      | 1478 ||| DROPPING potion of brilliance.
  1561 | D:3      | 1561 ||| Stepping ~*~*~tactically~*~*~ (stealth).
  1563 | D:3      | 1563 ||| Stepping ~*~*~tactically~*~*~ (hiding).
  1574 | D:3      | Reached skill level 4 in Axes
  1960 | D:3      | 1960 ||| READING scroll of enchant armour.
  1960 | D:3      | 1960 ||| ENCHANTING +0 pair of gloves.
  2008 | D:3      | 2008 ||| DROPPING ring of wizardry.
  2075 | D:4      | 2075 ||| FLEEEEING.
  2076 | D:4      | 2076 ||| FLEEEEING.
  2084 | D:4      | 2084 ||| FLEEEEING.
  2085 | D:4      | 2085 ||| FLEEEEING.
  2099 | D:4      | 2099 ||| FLEEEEING.
  2100 | D:4      | 2100 ||| FLEEEEING.
  2101 | D:4      | 2101 ||| FLEEEEING.
  2102 | D:4      | 2102 ||| FLEEEEING.
  2103 | D:4      | 2103 ||| FLEEEEING.
  2104 | D:4      | 2104 ||| FLEEEEING.
  2105 | D:4      | 2105 ||| FLEEEEING.
  2106 | D:4      | 2106 ||| FLEEEEING.
  2108 | D:4      | 2108 ||| STAIRDANCE
  2223 | D:3      | 2223 ||| READING scroll labelled WIXOECI SADUG.
  2264 | D:4      | 2264 ||| Stepping ~*~*~tactically~*~*~ (hiding).
  2288 | D:4      | HP: 7/28 [something (1)]
  2289 | D:4      | 2289 ||| DRINKING potion of heal wounds.
  2292 | D:4      | 2292 ||| FLEEEEING.
  2294 | D:4      | 2294 ||| FLEEEEING.
  2297 | D:4      | Reached XP level 5. HP: 28/32 MP: 5/5
  2348 | D:4      | 2348 ||| DROPPING +0 whip.
  2366 | D:4      | Found Jovyerch's Antique Armour Shop.
  2386 | D:4      | 2386 ||| Stepping ~*~*~tactically~*~*~ (hiding).
  2403 | D:4      | Reached skill level 1 in Throwing
  2408 | D:4      | Reached skill level 5 in Axes
  2411 | D:4      | HP: 8/32 [gnoll/+0 spear[a gnoll bouda] (2)]
  2608 | D:4      | Found a staircase to the Ecumenical Temple.
  2609 | D:4      | 2609 ||| PLANNING TEMPLE
  2609 | D:4      | 2609 ||| READING scroll labelled GAMAILO RIAQ.
  2618 | Temple   | Entered the Ecumenical Temple
  2636 | Temple   | 2636 ||| PLANNING OKAWARU WORSHIP
  2777 | Temple   | Became a worshipper of Warmaster Okawaru
  2777 | Temple   | 2777 ||| PLANNING D:1-11
  2807 | D:4      | Reached XP level 6. HP: 37/37 MP: 6/6
  3059 | D:4      | 3059 ||| Stepping ~*~*~tactically~*~*~ (stealth).
  3313 | D:4      | 3313 ||| Stepping ~*~*~tactically~*~*~ (stealth).
  3315 | D:4      | 3315 ||| Stepping ~*~*~tactically~*~*~ (stealth).
  3320 | D:4      | 3320 ||| Stepping ~*~*~tactically~*~*~ (stealth).
  3322 | D:4      | 3322 ||| Stepping ~*~*~tactically~*~*~ (stealth).
  3324 | D:4      | 3324 ||| Stepping ~*~*~tactically~*~*~ (stealth).
  3447 | D:4      | 3447 ||| BUYING glowing helmet (135 gold).
  3447 | D:4      | Bought a glowing helmet for 135 gold pieces
  3447 | D:4      | 3447 ||| SHOPLISTING pair of embroidered gloves (135 gold,
                  | have 65).
  3447 | D:4      | 3447 ||| SHOPLISTING scorched plate armour (504 gold, have
                  | 65).
  3447 | D:4      | 3447 ||| UPGRADING to +0 cloak.
  3452 | D:4      | 3452 ||| UPGRADING to +2 helmet of intelligence.
  3457 | D:4      | 3457 ||| UPGRADING to +6 ring of dexterity.
  3458 | D:4      | 3458 ||| READING 8 scrolls of identify.
  3458 | D:4      | 3458 ||| IDENTIFYING ruby potion
  3459 | D:4      | 3459 ||| DROPPING potion of degeneration.
  3516 | D:5      | Entered Level 5 of the Dungeon
  3532 | D:5      | Noticed an ice beast
  3542 | D:5      | Killed an ice beast
  3543 | D:5      | Reached skill level 1 in Dodging
  3659 | D:5      | Reached * piety under Okawaru
  3709 | D:5      | 3709 ||| INVOKING Heroism.
  3715 | D:5      | Reached XP level 7. HP: 43/43 MP: 4/7
  3793 | D:5      | Reached skill level 6 in Axes
  3834 | D:5      | Found a snail-covered altar of Cheibriados.
  3834 | D:5      | Found a shadowy altar of Dithmenos.
  3943 | D:5      | Found an opulent altar of Gozag.
  4072 | D:5      | 4072 ||| Stepping ~*~*~tactically~*~*~ (stealth).
  4116 | D:5      | Reached skill level 3 in Invocations
  4290 | D:5      | Found a white marble altar of Elyvilon.
  4325 | D:5      | 4325 ||| DROPPING orb of energy.
  4326 | D:5      | 4326 ||| READING scroll labelled SAT DOASAAZY.
  4327 | D:5      | 4327 ||| READING 7 scrolls of identify.
  4327 | D:5      | 4327 ||| IDENTIFYING golden potion
  4374 | D:6      | Found a broken altar of Ashenzari.
  4433 | D:6      | 4433 ||| INVOKING Heroism.
  4438 | D:6      | Reached XP level 8. HP: 48/48 MP: 7/10
  4518 | D:6      | Reached ** piety under Okawaru
  4526 | D:6      | Found a transporter.
  4531 | D:6      | Noticed a kobold demonologist
  4610 | D:6      | Reached skill level 7 in Axes
  4646 | D:6      | 4646 ||| INVOKING Heroism.
  4742 | D:6      | 4742 ||| INVOKING Heroism.
  4964 | D:6      | 4964 ||| Stepping ~*~*~tactically~*~*~ (stealth).
  4965 | D:6      | 4965 ||| Stepping ~*~*~tactically~*~*~ (stealth).
  5016 | D:6      | Found a transporter.
  5320 | D:6      | 5320 ||| READING 7 scrolls of identify.
  5320 | D:6      | 5320 ||| IDENTIFYING blue potion
  5321 | D:6      | 5321 ||| DROPPING potion of invisibility.
  5463 | D:7      | Found a flagged portal.
  5720 | D:7      | Reached XP level 9. HP: 52/54 MP: 12/12
  5843 | D:7      | 5843 ||| Stepping ~*~*~tactically~*~*~ (hiding).
  5844 | D:7      | 5844 ||| Stepping ~*~*~tactically~*~*~ (hiding).
  5880 | D:7      | Reached skill level 8 in Axes
  5998 | D:7      | 5998 ||| DROPPING amulet of guardian spirit.
  5999 | D:7      | 5999 ||| UPGRADING to ring of protection from fire.
  6000 | D:7      | 6000 ||| READING scroll labelled JEALAPR OGURIBB.
  6001 | D:7      | 6001 ||| DRINKING 3 amethyst potions.
  6085 | D:8      | 6085 ||| Stepping ~*~*~tactically~*~*~ (stealth).
  6103 | D:8      | 6103 ||| INVOKING Heroism.
  6119 | D:8      | 6119 ||| INVOKING Heroism.
  6130 | D:8      | Reached skill level 6 in Fighting
  6346 | D:8      | Noticed Joseph
  6347 | D:8      | 6347 ||| Stepping ~*~*~tactically~*~*~ (hiding).
  6349 | D:8      | 6349 ||| Stepping ~*~*~tactically~*~*~ (hiding).
  6369 | D:8      | 6369 ||| INVOKING Heroism.
  6374 | D:8      | Killed Joseph
  6444 | D:8      | 6444 ||| Stepping ~*~*~tactically~*~*~ (hiding).
  6446 | D:8      | 6446 ||| INVOKING Heroism.
  6450 | D:8      | Noticed Maggie
  6453 | D:8      | Noticed a death yak
  6463 | D:8      | 6463 ||| INVOKING Heroism.
  6467 | D:8      | HP: 12/55 [death yak (17)]
  6468 | D:8      | 6468 ||| READING 2 scrolls of teleportation.
  6469 | D:8      | 6469 ||| DRINKING 3 potions of heal wounds.
  6472 | D:8      | Noticed Pikel
  6480 | D:8      | Killed Pikel
  6480 | D:8      | Reached *** piety under Okawaru
  6481 | D:8      | Reached skill level 9 in Axes
  6612 | D:8      | Noticed Maurice
  6613 | D:8      | 6613 ||| Stepping ~*~*~tactically~*~*~ (hiding).
  6621 | D:8      | 6621 ||| DRINKING 2 potions of curing.
  6621 | D:8      | 6621 ||| (to cure confusion)
  6629 | D:8      | Killed Maurice
  6630 | D:8      | Reached skill level 6 in Armour
  6630 | D:8      | Reached XP level 10. HP: 60/60 MP: 13/13
  6699 | D:8      | 6699 ||| DROPPING +0 flail.
  6716 | D:8      | 6716 ||| Stepping ~*~*~tactically~*~*~ (stealth).
  6737 | D:8      | Received a gift from Okawaru
  6738 | D:8      | 6738 ||| FLEEEEING.
  6743 | D:8      | 6743 ||| FLEEEEING.
  6744 | D:8      | 6744 ||| FLEEEEING.
  6745 | D:8      | 6745 ||| FLEEEEING.
  6751 | D:8      | 6751 ||| INVOKING Heroism.
  6763 | D:8      | Killed Maggie
  6883 | D:8      | 6883 ||| SWAPPING to +2 broad axe of flaming.
  6884 | D:8      | 6884 ||| DROPPING +2 flail.
  6885 | D:8      | 6885 ||| DROPPING +1 war axe.
  6902 | D:8      | Found a staircase to the Lair.
  6986 | D:8      | 6986 ||| INVOKING Heroism.
  6999 | D:8      | Killed a death yak
  6999 | D:8      | Reached **** piety under Okawaru
  7075 | D:8      | Noticed Erica
  7076 | D:8      | 7076 ||| Stepping ~*~*~tactically~*~*~ (hiding).
  7081 | D:8      | 7081 ||| INVOKING Heroism.
  7088 | D:8      | Killed Erica
  7089 | D:8      | Reached skill level 10 in Axes
  7229 | D:8      | Found a sacrificial altar of Ru.
  7275 | D:8      | 7275 ||| Stepping ~*~*~tactically~*~*~ (hiding).
  7276 | D:8      | 7276 ||| Stepping ~*~*~tactically~*~*~ (hiding).
  7278 | D:8      | 7278 ||| Stepping ~*~*~tactically~*~*~ (hiding).
  7564 | D:8      | 7564 ||| PLANNING LAIR
  7564 | D:8      | 7564 ||| UPGRADING to +1 cloak.
  7574 | D:8      | 7574 ||| DROPPING +0 cloak.
  7575 | D:8      | 7575 ||| READING 10 scrolls of identify.
  7575 | D:8      | 7575 ||| IDENTIFYING green potion
  7593 | Lair:1   | Entered Level 1 of the Lair of Beasts
  7600 | Lair:1   | 7600 ||| Stepping ~*~*~tactically~*~*~ (stealth).
  7668 | Lair:1   | 7668 ||| Stepping ~*~*~tactically~*~*~ (hiding).
  7712 | Lair:1   | Noticed a cane toad
  7713 | Lair:1   | 7713 ||| INVOKING Heroism.
  7718 | Lair:1   | Killed a cane toad
  7851 | Lair:1   | Reached skill level 6 in Invocations
  7896 | Lair:1   | Reached XP level 11. HP: 68/68 MP: 15/15
  8041 | Lair:1   | 8041 ||| INVOKING Heroism.
  8234 | Lair:1   | 8234 ||| INVOKING Heroism.
  8538 | Lair:1   | 8538 ||| READING 10 scrolls of identify.
  8538 | Lair:1   | 8538 ||| IDENTIFYING dark potion
  8539 | Lair:1   | 8539 ||| READING 9 scrolls of identify.
  8539 | Lair:1   | 8539 ||| IDENTIFYING inky potion
  8540 | Lair:1   | 8540 ||| DROPPING potion of ambrosia.
  8541 | Lair:1   | 8541 ||| DROPPING potion of flight.
  8771 | Lair:2   | 8771 ||| INVOKING Heroism.
  8794 | Lair:2   | Received a gift from Okawaru
  8831 | Lair:2   | Found a staircase to the Snake Pit.
  8838 | Lair:2   | 8838 ||| INVOKING Heroism.
  9016 | Lair:2   | 9016 ||| INVOKING Heroism.
  9016 | Lair:2   | Noticed a bog body
  9021 | Lair:2   | HP: 17/68 [bog body/bolt of cold (32)]
  9022 | Lair:2   | 9022 ||| READING 4 scrolls of teleportation.
  9022 | Lair:2   | HP: 5/68 [swamp worm (12)]
  9023 | Lair:2   | 9023 ||| DRINKING 2 potions of heal wounds.
  9361 | Lair:2   | 9361 ||| Stepping ~*~*~tactically~*~*~ (stealth).
  9362 | Lair:2   | 9362 ||| Stepping ~*~*~tactically~*~*~ (stealth).
  9363 | Lair:2   | 9363 ||| INVOKING Heroism.
  9611 | Lair:2   | 9611 ||| Stepping ~*~*~tactically~*~*~ (stealth).
  9615 | Lair:2   | 9615 ||| INVOKING Heroism.
  9623 | Lair:2   | Killed a bog body
  9624 | Lair:2   | Reached skill level 11 in Axes
  9704 | Lair:2   | Found a staircase to the Swamp.
  9710 | Lair:2   | 9710 ||| READING scroll labelled OKHLOL TYM ODECUK.
  9759 | Lair:3   | 9759 ||| INVOKING Heroism.
  9763 | Lair:3   | Reached skill level 9 in Invocations
  9778 | Lair:3   | Reached ***** piety under Okawaru
  9796 | Lair:3   | 9796 ||| INVOKING Heroism.
  9836 | Lair:3   | 9836 ||| FLEEEEING.
  9842 | Lair:3   | 9842 ||| FLEEEEING.
  9847 | Lair:3   | 9847 ||| INVOKING Heroism.
  9881 | Lair:3   | Noticed Nessos
  9883 | Lair:3   | 9883 ||| Stepping ~*~*~tactically~*~*~ (hiding).
  9893 | Lair:3   | 9893 ||| Stepping ~*~*~tactically~*~*~ (hiding).
  9896 | Lair:3   | 9896 ||| INVOKING Heroism.
  9897 | Lair:3   | HP: 5/68 [Nessos/arrow (14)]
  9898 | Lair:3   | 9898 ||| READING 3 scrolls of teleportation.
  9899 | Lair:3   | 9899 ||| DRINKING potion of heal wounds.
 10057 | Lair:3   | 10057 ||| Stepping ~*~*~tactically~*~*~ (hiding).
 10059 | Lair:3   | 10059 ||| INVOKING Heroism.
 10126 | Lair:3   | 10126 ||| Stepping ~*~*~tactically~*~*~ (hiding).
 10127 | Lair:3   | 10127 ||| Stepping ~*~*~tactically~*~*~ (hiding).
 10128 | Lair:3   | 10128 ||| Stepping ~*~*~tactically~*~*~ (hiding).
 10133 | Lair:3   | Noticed a catoblepas
 10134 | Lair:3   | 10134 ||| INVOKING Heroism.
 10144 | Lair:3   | Killed a catoblepas
 10145 | Lair:3   | Reached XP level 12. HP: 55/75 MP: 17/19
 10149 | Lair:3   | Noticed Gastronok
 10153 | Lair:3   | Reached skill level 9 in Fighting
 10163 | Lair:3   | HP: 18/76 [Nessos/arrow (8)]
 10164 | Lair:3   | 10164 ||| READING 2 scrolls of teleportation.
 10167 | Lair:3   | HP: 8/76 [Nessos/arrow (6)]
 10508 | Lair:3   | 10508 ||| Stepping ~*~*~tactically~*~*~ (hiding).
 10511 | Lair:3   | 10511 ||| INVOKING Heroism.
 10530 | Lair:3   | Killed Gastronok
 10706 | Lair:3   | 10706 ||| Stepping ~*~*~tactically~*~*~ (hiding).
 10711 | Lair:3   | 10711 ||| INVOKING Heroism.
 10716 | Lair:3   | 10716 ||| Stepping ~*~*~tactically~*~*~ (hiding).
 10719 | Lair:3   | HP: 1/76 [Nessos/arrow (21)]
 10719 | Lair:3   | Shot with an arrow by Nessos

Levels and vault maps discovered:
D:1:      psy_arrival_basics, layout_basic
D:2:      layout_loops_ring, serial_shops, shop, minmay_split_cup_large
D:3:      layout_basic
D:4:      layout_basic, temple_fountains, serial_shops,
          nicolae_inconvenience_store, minmay_misc_feat_rows, corexii_shack
D:5:      layout_basic, mainiacjoe_overflow_24_doors,
          gammafunk_temple_overflow_wave, nicolae_elyvilon_temple_path
D:6:      gammafunk_wand_slinger, layout_cave_pods,
          nicolae_ashenzari_panopticon, chequers_arboretum
D:7:      layout_basic, enter_bailey_6
D:8:      layout_loops_ring, nicolae_ru_the_path_less_chosen,
          david_lair_generic, uniq_joseph, uniq_maggie, uniq_erica, uniq_pikel,
          uniq_maurice
Temple:   nicolae_temple_bog_church
Lair:1:   layout_loops_ring, serial_bayou_pond_c
Lair:2:   layout_chaotic_city, nicolae_swamp_entry_splash_gauntlet,
          guppyfry_snake_entry_island, nicolae_volcano_entry_batcave
Lair:3:   layout_loops_ring, beast_lair_carwin_5, uniq_nessos, uniq_gastronok

Skill      XL: |  1  2  3  4  5  6  7  8  9 10 11 12 |
---------------+-------------------------------------+-----
Axes           | 2 3 4 5 6 7 9 10 11 | 11.5
Throwing       | 1 2 4 |  4.1
Fighting       | 4 5 6 8 9 |  9.0
Dodging        | 1 2 |  2.5
Armour         | 4 5 6 7 8 |  8.0
Invocations    | 3 4 6 10 | 10.2
Shields        | 4 5 |  5.1

Action                     |  1- 3 |  4- 6 |  7- 9 | 10-12 || total
---------------------------+-------+-------+-------+-------++-------
  Melee: War axe           |    88 |   165 |   241 |    42 ||   536
         Broad axe         |       |       |       |   243 ||   243
  Throw: Javelin           |       |    19 |    32 |    47 ||    98
         Boomerang         |       |    13 |     6 |    34 ||    53
 Invoke: Heroism           |       |     1 |     8 |    19 ||    28
    Use: Scroll            |     5 |    11 |     5 |     7 ||    28
         Potion            |       |     1 |     3 |     2 ||     6
   Stab: Petrified         |       |       |       |     2 ||     2
 Armour: Scale mail        |    44 |       |       |       ||    44
         Plate armour      |       |   140 |   171 |   168 ||   479
  Dodge: Dodged            |    40 |    38 |    65 |    89 ||   232
  Block: Buckler           |    10 |    26 |    55 |    70 ||   161

Table legend:
 A = Non-vault XP
 B = Vault XP
 C = Vault XP percentage of total XP
 D = Non-vault monster count
 E = Vault monster count
 F = Vault count percentage of total count
                 A         B        C        D         E       F
            +---------+---------+-------+---------+---------+-------
      Total |   13766 |    7877 |  36.4 |     161 |      26 |  13.9
            +---------+---------+-------+---------+---------+-------
        D:1 |      25 |       0 |   0.0 |      17 |       0 |   0.0
        D:2 |      49 |      20 |  29.0 |      14 |       4 |  22.2
        D:3 |      56 |       0 |   0.0 |      11 |       0 |   0.0
        D:4 |     284 |       2 |   0.7 |      28 |       1 |   3.4
        D:5 |     692 |       0 |   0.0 |      13 |       0 |   0.0
        D:6 |     971 |       0 |   0.0 |      14 |       0 |   0.0
        D:7 |     504 |       0 |   0.0 |       8 |       0 |   0.0
        D:8 |    1056 |    4170 |  79.8 |      15 |       9 |  37.5
     Lair:1 |    2709 |       0 |   0.0 |      12 |       0 |   0.0
     Lair:2 |    2180 |    2288 |  51.2 |      10 |      11 |  52.4
     Lair:3 |    5240 |    1397 |  21.0 |      19 |       1 |   5.0
            +---------+---------+-------+---------+---------+-------
